Map: Ruins of Seras

Players

PartinG

  • Race: Protoss Protoss
  • League: Platinum

Solar - Winner!

  • Race: Zerg Zerg
  • League: Diamond

Event: DreamHack ROCCAT LotV Championship

VOD

Have the link to the VOD?

Description

Time

  • Played on: Nov. 28, 2015, 3:14 p.m.
  • Length: 9:00

All games in this series

Show
View Real Time Build Order
Export as new Build Order

PartinG Protoss 

Build Orders: Mass Adepts 

Get SALT Encoding   

  12  0:01  Probe (Chrono Boost)  
  13  0:12  Probe (Chrono Boost)  
  14  0:18  Pylon  
  14  0:23  Probe (Chrono Boost)  
  15  0:36  Probe (Chrono Boost)  
  15  0:38  Gateway  
  16  0:44  Assimilator  
  16  0:47  Probe (Chrono Boost)  
  17  0:52  Assimilator  
  17  0:57  Probe (Chrono Boost)  
  18  1:05  Gateway  
  18  1:09  Probe (Chrono Boost)  
  19  1:20  Probe (Chrono Boost)  
  19  1:25  Cybernetics Core  
  20  1:30  Probe (Chrono Boost)  
  21  1:38  Pylon  
  21  1:41  Probe (Chrono Boost)  
  22  1:54  Probe (Chrono Boost)  
  23  2:01  Adept x2, Warp Gate (Chrono Boost)  
  27  2:14  Robotics Facility  
  27  2:28  Adept x2  
  31  2:35  Pylon  
  31  2:46  Gateway  
  31  2:53  Gateway  
  31  3:09  Warp Prism (Chrono Boost)  
  29  3:42  Pylon  
  29  3:58  Adept  
  29  3:59  Adept  
  29  4:02  Adept  
  35  4:03  Adept  
  37  4:23  Adept x4  
  37  4:42  Adept  
  37  4:43  Adept x2  
  37  4:44  Adept  
  45  4:49  Pylon  
  45  5:02  Adept  
  39  5:13  Immortal (Chrono Boost)  
  43  5:20  Sentry x3  
  41  5:22  Sentry  
  41  5:28  Pylon  
  43  5:47  Immortal (Chrono Boost)  
  47  6:00  Zealot x3  
  47  6:20  Warp Prism (Chrono Boost)  
  47  6:23  Sentry  
  47  6:24  Sentry x2  
  51  6:27  Sentry  
  47  6:39  Pylon  
  47  6:52  Adept x4  
  55  7:07  Pylon  
  55  7:11  Adept  
  57  7:16  Adept  
  59  7:27  Adept x2  
  59  7:34  Zealot  
  34  7:52  Zealot x2  
  32  8:15  Sentry x3  
  32  8:16  Sentry  
  32  8:37  Adept  
Show
View Real Time Build Order
Export as new Build Order

Solar Zerg - Winner!

Build Orders: 3 Hatch before Pool 

Get SALT Encoding   

  12  0:00  Drone  
  13  0:12  Overlord  
  13  0:18  Drone  
  14  0:31  Drone x2  
  14  0:34  Drone  
  17  0:53  Hatchery  
  17  0:55  Drone  
  17  0:59  Drone  
  18  1:09  Drone  
  19  1:27  Hatchery  
  19  1:29  Drone  
  19  1:38  Spawning Pool  
  18  1:41  Drone  
  18  1:45  Drone  
  20  1:50  Drone  
  20  1:53  Extractor  
  20  2:01  Drone  
  21  2:11  Overlord  
  21  2:26  Zergling x2  
  21  2:27  Queen, Zergling x6  
  21  2:28  Queen  
  30  2:30  Spine Crawler  
  30  2:33  Zergling x2  
  30  2:38  Zergling x2  
  31  2:48  Zergling x2  
  31  2:49  Zergling x2  
  33  2:56  Metabolic Boost  
  33  2:57  Zergling x2  
  34  2:58  Overlord  
  34  3:07  Zergling x2  
  34  3:11  Zergling x2  
  35  3:19  Zergling x2  
  36  3:24  Zergling x2  
  37  3:27  Drone  
  37  3:32  Drone  
  38  3:37  Queen x2  
  38  3:38  Overlord  
  38  3:39  Zergling x2  
  38  3:40  Overlord  
  43  3:42  Overlord  
  43  3:51  Zergling x4, Extractor x2  
  45  3:57  Zergling x6  
  48  4:04  Zergling x4  
  50  4:10  Zergling x10  
  50  4:16  Zergling x2  
  51  4:24  Drone x2  
  51  4:28  Drone  
  51  4:29  Drone  
  52  4:41  Zergling x2  
  52  4:42  Zergling x2  
  54  4:49  Overlord, Zergling x2  
  54  4:50  Zergling x4  
  57  4:56  Zergling x2  
  60  5:01  Zergling x4  
  60  5:05  Zergling x2  
  56  5:07  Zergling x4  
  56  5:13  Drone  
  58  5:16  Drone  
  58  5:20  Drone  
  59  5:23  Drone  
  56  5:28  Overlord  
  56  5:29  Hatchery  
  56  5:31  Drone x2  
  57  5:37  Drone x2  
  57  5:40  Drone x2  
  61  5:44  Drone  
  62  5:50  Drone x2  
  62  5:51  Drone, Extractor  
  62  5:54  Drone  
  65  5:59  Zergling x4  
  65  6:03  Zergling x4  
  68  6:09  Zergling x2  
  68  6:11  Zergling x2  
  63  6:13  Zergling x2  
  64  6:18  Zergling x2  
  56  6:33  Drone x4  
  56  6:37  Zergling x2  
  61  6:44  Zergling x2  
  62  6:49  Zergling x4  
  61  6:54  Zergling x2  
  61  6:55  Zergling x4  
  61  6:56  Queen  
  66  7:12  Zergling x16  
  74  7:19  Baneling Nest  
  74  7:22  Overlord  
  73  7:26  Zergling x2  
  73  7:27  Zergling x4  
  73  7:28  Zergling x2  
  68  7:34  Zergling x2  
  68  7:35  Zergling x4  
  60  7:40  Queen  
  60  7:43  Zergling x2  
  56  7:46  Queen  
  56  7:49  Zergling x2  
  59  7:51  Zergling x2  
  59  7:54  Zergling x2  
  58  7:58  Zergling x2  
  58  7:59  Zergling x2  
  58  8:03  Spore Crawler  
  58  8:04  Spore Crawler  
  58  8:07  Baneling x2  
  58  8:08  Baneling  
  58  8:09  Baneling  
  58  8:11  Drone x2  
  60  8:19  Zergling x6  
  62  8:20  Zergling x2  
  62  8:24  Zergling x4  
  62  8:26  Zergling x2  
  62  8:34  Zergling x4  
  62  8:35  Zergling x2  
  62  8:37  Drone  
  66  8:43  Baneling x2  

Tags
 
Add a new tag
Caveats
  • Supply blocks, unpowered buildings, or Contaminate may cause inaccurate times.
  • Supply counts are checked every 10 seconds.